 Dungeon Crawl Stone Soup version 0.21-a0-361-g4efd3f9 (webtiles) character file.

186 tidbits the Skirmisher (level 5, 25/47 HPs)
             Began as a Gnoll Wanderer on Oct 13, 2017.
             Quit the game on level 3 of the Dungeon.
             The game lasted 00:07:10 (794 turns).

tidbits the Skirmisher (Gnoll Wanderer)              Turns: 794, Time: 00:07:11

Health: 25/47      AC:  6    Str: 17 (20) XL:     5   Next: 66%
Magic:  7/7        EV: 11    Int: 13 (16) God:
Gold:   90         SH:  0    Dex: 12 (13) Spells: 7/7 levels left

rFire    . . .     SeeInvis .   s - +0 long sword
rCold    . . .     Gourm    .   (no shield)
rNeg     . . .     Faith    .   B - +0 ring mail
rPois    .         Spirit   .   (no helmet)
rElec    .         Reflect  .   (no cloak)
rCorr    .         Harm     +   (no gloves)
MR       .....                  (no boots)
Stlth    +.........             p - amulet of harm
HPRegen  0.15/turn              (no ring)
MPRegen  0.10/turn              (no ring)

@: brilliant
A: distributed training, fangs 1, talons 1, dopey 1, strong 1, strong nose
a: no special abilities


You were on level 3 of the Dungeon.
You were not hungry.

You visited 1 branch of the dungeon, and saw 3 of its levels.

You collected 90 gold pieces.

Inventory:

Hand Weapons
 a - a +0 hand axe
 b - a +2 shortbow
 l - a +1 short sword of venom
   (You took it off a kobold on level 1 of the Dungeon)
 s - a +0 long sword (weapon)
 v - a +2 dagger of venom
   (You took it off a goblin on level 1 of the Dungeon)
Missiles
 c - 21 arrows
Armour
 e - a +0 robe
 B - a +0 ring mail (worn)
Jewellery
 p - an amulet of harm (around neck)
   (You found it on level 3 of the Dungeon)
Wands
 t - a wand of digging (3/24)
Scrolls
 g - a scroll of enchant weapon {unknown}
 j - a scroll of immolation {unknown}
 k - a scroll of teleportation {unknown}
 m - a scroll of blinking {unknown}
 n - a scroll of recharging {unknown}
 o - a scroll of identify {unknown}
 r - a scroll of magic mapping {unknown}
Potions
 d - 2 potions of curing
Comestibles
 f - 2 bread rations


   Skills:
 + Level 6.7 Fighting
 + Level 1.5 Short Blades
 + Level 1.5 Long Blades
 + Level 3.0 Axes
 + Level 1.5 Maces & Flails
 + Level 1.5 Polearms
 + Level 1.5 Staves
 + Level 1.5 Slings
 + Level 3.0 Bows
 + Level 1.5 Crossbows
 + Level 1.5 Throwing
 + Level 6.7 Armour
 + Level 1.5 Dodging
 + Level 1.5 Stealth
 + Level 3.0 Shields
 + Level 1.5 Unarmed Combat
 + Level 1.5 Spellcasting
 + Level 1.2 Conjurations
 + Level 1.2 Hexes
 + Level 1.2 Charms
 + Level 1.2 Summonings
 + Level 1.2 Necromancy
 + Level 1.2 Translocations
 + Level 1.2 Transmutations
 + Level 1.2 Fire Magic
 + Level 1.2 Ice Magic
 + Level 1.2 Air Magic
 + Level 1.2 Earth Magic
 + Level 1.2 Poison Magic
 + Level 1.7 Invocations
 + Level 3.0 Evocations


You had 7 spell levels left.
You didn't know any spells.

Dungeon Overview and Level Annotations

Branches:
Dungeon (3/15)

Altars:

Annotations:
D:3 tidbits's ghost, amateur GnSk


Innate Abilities, Weirdness & Mutations

Your experience applies equally to all skills.
You have very sharp teeth.
Your uncanny sense of smell can sniff out nearby items.
You have sharp toenails.
You are dopey. (Int -2)
Your muscles are strong. (Str +2)


Message History

* * * LOW HITPOINT WARNING * * *
You closely miss the sky beast.
You bite the sky beast, but do no damage.
The sky beast is severely wounded.
The sky beast hits you but does no damage.
You hit the sky beast. You bite the sky beast.
You kill the sky beast!
Your Axes skill increases to level 3!
Your Bows skill increases to level 3!
Your Shields skill increases to level 3!
Your Evocations skill increases to level 3!
You have reached level 5!
You now have 72 gold pieces (gained 12).
A hobgoblin comes into view. It is wielding a club.
The hobgoblin shouts!
A hobgoblin comes into view.
The hobgoblin shouts!
You hit the hobgoblin.
You kill the hobgoblin!
Things that are here:
a club; a hobgoblin corpse The hobgoblin hits you but does no damage.
You closely miss the hobgoblin. The hobgoblin barely misses you.
You closely miss the hobgoblin.
The hobgoblin hits you but does no damage.
Your ring mail prevents you from hitting the hobgoblin.
You bite the hobgoblin.
The hobgoblin is moderately wounded.
The hobgoblin closely misses you.
You barely miss the hobgoblin.
The hobgoblin is moderately wounded.
The hobgoblin barely misses you.
You closely miss the hobgoblin.
The hobgoblin is moderately wounded.
The hobgoblin hits you but does no damage.
You barely miss the hobgoblin.
The hobgoblin is moderately wounded.
The hobgoblin barely misses you.
You barely miss the hobgoblin.
The hobgoblin is moderately wounded.
The hobgoblin hits you.
* * * LOW HITPOINT WARNING * * *
You hit the hobgoblin.
You kill the hobgoblin!
Wield which item (- for none, * to show all)? (? for menu, Esc to quit)
Your +2 dagger of venom stops dripping with poison.
b - a +2 shortbow (weapon)
Found 18 gold pieces.
You now have 76 gold pieces (gained 4).
You now have 90 gold pieces (gained 14).
A dart slug comes into view.
The dart slug launches a dart at you. The slug dart misses you.
Found a metallic blue potion.
Firing (i - inventory):
c - 22 arrows (quivered)
Press: ? - help, Shift-Dir - straight line, f - dart slug
Aim: a dart slug (clinging)
You shoot an arrow. The arrow hits the dart slug.
The dart slug is moderately wounded.
The dart slug launches a dart at you. The slug dart misses you.
Firing (i - inventory):
c - 21 arrows (quivered)
Press: ? - help, Shift-Dir - straight line, f/p - dart slug
Aim: a dart slug (moderately wounded, clinging)
You shoot an arrow. The arrow hits the dart slug.
The dart slug is heavily wounded.
Firing (i - inventory):
c - 20 arrows (quivered)
Press: ? - help, Shift-Dir - straight line, f/p - dart slug
Aim: a dart slug (heavily wounded, clinging)
You shoot an arrow. The arrow hits the dart slug.
You kill the dart slug!
u - a metallic blue potion
c - 21 arrows (gained 2)
You see here a dart slug corpse.
You see here a dart slug corpse.
There is a stone staircase leading down here.
Wield which item (- for none, * to show all)? (? for menu, Esc to quit)
Your +1 short sword of venom begins to drip with poison!
l - a +1 short sword of venom (weapon)
Okay, then.
Wield which item (- for none, * to show all)? (? for menu, Esc to quit)
Your +1 short sword of venom stops dripping with poison.
Your +1 dagger of venom begins to drip with poison!
q - a +1 dagger of venom (weapon)
Drop what? 23/52 slots (_ for help) (? for menu, Esc to quit)
Your +1 dagger of venom stops dripping with poison.
You are now empty-handed.
You drop a +1 dagger of venom.
Wield which item (- for none, * to show all)? (? for menu, Esc to quit)
s - a +0 long sword (weapon)
It was a potion of degeneration.
There was something very wrong with that liquid.
You feel weakened.
You feel dopey.
You feel clumsy.
It was a potion of mutation.
You feel extremely strange.
You feel stupid.
Your toenails lengthen and sharpen.
You feel stronger.
It was a potion of brilliance.
You feel clever all of a sudden.
You climb downwards.
Level annotation: tidbits's ghost, amateur GnSk Tidbits's ghost misses you.
There is a stone staircase leading up, spattered with blood here.
Are you sure you want to abandon this character and quit the game? (Confirm with "yes".)

#. ........... .
#.## .... #.(... [.
.......###.#..##
.#.....##..##.#...#
....#....#.#..#.#.#
......##.#........#
#....((...........#
............#.....#
#...#.##(..W@.....#
#.#.....##.##.....#
(...###.##..[.....##
.#.# #..###)......#
... ##.###[####...#
.# #..##.## .#....
##..†..# ...##.
#...#.# ##.#
#.###..# .#


You could see tidbits's ghost.

Vanquished Creatures
  A sky beast (D:2)
  5 adders
  A worm (D:2)
  3 dart slugs
  2 leopard geckos (D:2)
  An orc (D:3)
  3 bats
  2 giant cockroaches
  8 goblins
  3 hobgoblins
  6 jackals
  4 kobolds
  A quokka (D:2)
  2 frilled lizards
  A rat (D:3)
43 creatures vanquished.

Notes
Turn   | Place    | Note
-------+----------+-------------------------------------------
     0 | D:1      | tidbits the Gnoll Wanderer began the quest for the Orb.
     0 | D:1      | tidbits set off with: a +2 shortbow, 26 arrows, a +0 hand axe, a potion of curing, a +0 robe, a bread ration
     0 | D:1      | Reached XP level 1. HP: 23/23 MP: 2/2
    50 | D:2      | Reached XP level 2. HP: 19/29 MP: 3/3
   262 | D:1      | Reached XP level 3. HP: 18/35 MP: 4/4
   355 | D:2      | Reached skill level 1 in Invocations
   411 | D:2      | Reached skill level 1 in Short Blades
   411 | D:2      | Reached skill level 1 in Long Blades
   411 | D:2      | Reached skill level 1 in Maces & Flails
   411 | D:2      | Reached skill level 1 in Polearms
   411 | D:2      | Reached skill level 1 in Staves
   411 | D:2      | Reached skill level 1 in Slings
   411 | D:2      | Reached skill level 1 in Crossbows
   411 | D:2      | Reached skill level 1 in Throwing
   411 | D:2      | Reached skill level 1 in Dodging
   411 | D:2      | Reached skill level 1 in Stealth
   411 | D:2      | Reached skill level 1 in Unarmed Combat
   411 | D:2      | Reached skill level 1 in Spellcasting
   417 | D:2      | Reached XP level 4. HP: 18/41 MP: 4/6
   523 | D:3      | Noticed tidbits's ghost (amateur GnSk)
   604 | D:2      | Reached skill level 1 in Conjurations
   604 | D:2      | Reached skill level 1 in Hexes
   604 | D:2      | Reached skill level 1 in Charms
   604 | D:2      | Reached skill level 1 in Summonings
   604 | D:2      | Reached skill level 1 in Necromancy
   604 | D:2      | Reached skill level 1 in Translocations
   604 | D:2      | Reached skill level 1 in Transmutations
   604 | D:2      | Reached skill level 1 in Fire Magic
   604 | D:2      | Reached skill level 1 in Ice Magic
   604 | D:2      | Reached skill level 1 in Air Magic
   604 | D:2      | Reached skill level 1 in Earth Magic
   604 | D:2      | Reached skill level 1 in Poison Magic
   653 | D:2      | Noticed a sky beast
   670 | D:2      | Killed a sky beast
   670 | D:2      | Reached skill level 3 in Axes
   670 | D:2      | Reached skill level 3 in Bows
   670 | D:2      | Reached skill level 3 in Shields
   670 | D:2      | Reached skill level 3 in Evocations
   670 | D:2      | Reached XP level 5. HP: 8/47 MP: 7/7
   790 | D:2      | Gained mutation: You are dopey. (Int -2) [potion of mutation]
   790 | D:2      | Gained mutation: You have sharp toenails. [potion of mutation]
   790 | D:2      | Gained mutation: Your muscles are strong. (Str +2) [potion of mutation]
   794 | D:3      | Quit the game

Vault maps used:
D:1:      doesnt_arrival_eight_statues
D:2:      first_bread
D:3:      uniq_sigmund

Skill      XL: |  1  2  3  4 |
---------------+-------------+-----
Invocations    | 1 |  1.7
Short Blades   | 1 |  1.5
Long Blades    | 1 |  1.5
Maces & Flails | 1 |  1.5
Polearms       | 1 |  1.5
Staves         | 1 |  1.5
Slings         | 1 |  1.5
Crossbows      | 1 |  1.5
Throwing       | 1 |  1.5
Dodging        | 1 |  1.5
Stealth        | 1 |  1.5
Unarmed Combat | 1 |  1.5
Spellcasting   | 1 |  1.5
Conjurations   | 1 |  1.2
Hexes          | 1 |  1.2
Charms         | 1 |  1.2
Summonings     | 1 |  1.2
Necromancy     | 1 |  1.2
Translocations | 1 |  1.2
Transmutations | 1 |  1.2
Fire Magic     | 1 |  1.2
Ice Magic      | 1 |  1.2
Air Magic      | 1 |  1.2
Earth Magic    | 1 |  1.2
Poison Magic   | 1 |  1.2
Axes           | 3 |  3.0
Bows           | 3 |  3.0
Shields        | 3 |  3.0
Evocations     | 3 |  3.0
Fighting       | |  6.7
Armour         | |  6.7

Action                   |  1- 3 |  4- 6 || total
-------------------------+-------+-------++-------
Melee: Hand axe          |     7 |       ||     7
       Bite              |     8 |     9 ||    17
       Dagger            |    43 |    59 ||   102
 Fire: Shortbow          |    16 |     7 ||    23
  Use: Scroll            |     1 |     1 ||     2
       Potion            |       |     3 ||     3
Armor: Ring mail         |    16 |    17 ||    33
Dodge: Dodged            |    29 |    39 ||    68

Table legend:
 A = Spawn XP
 B = Non-spawn XP
 C = Spawn XP percentage of total XP
 D = Spawn monster count
 E = Non-spawn monster count
 F = Spawn count percentage of total count
 G = Total turns spent on level
                    A         B        C        D         E        F      G
               +---------+---------+-------+---------+---------+-------+---------
         Total |       0 |     267 |   0.0 |       0 |      43 |   0.0 |   794
               +---------+---------+-------+---------+---------+-------+---------
           D:1 |       0 |      23 |   0.0 |       0 |      11 |   0.0 |   321
           D:2 |       0 |     210 |   0.0 |       0 |      20 |   0.0 |   399
           D:3 |       0 |      34 |   0.0 |       0 |      12 |   0.0 |    74
               +---------+---------+-------+---------+---------+-------+---------

Table legend:
 A = Turns spent in this place as a percentage of turns spent in the entire game.
 B = Non-inter-level travel turns spent in this place as a percentage of non-inter-level travel turns spent in the entire game.
 C = Inter-level travel turns spent in this place as a percentage of turns spent in this place.
 D = Turns resting spent in this place as a percentage of non-inter-level travel turns spent in this place.
 E = Turns spent auto-exploring this place as a percentage of non-inter-level travel turns spent in this place.
 F = Non-inter-level travel turns spent in this place divided by the number of levels of this place that you've seen.
                   A       B       C       D       E      F
               +-------+-------+-------+-------+-------+----------------------
         Total | 100.0 | 100.0 |   0.0 |   0.0 |   0.0 | 264.7
       Dungeon | 100.0 | 100.0 |   0.0 |   0.0 |   0.0 | 264.7
               +-------+-------+-------+-------+-------+----------------------

Table legend:
 A = Kills in this place as a percentage of kills in entire the game.
 B = Kills by you in this place as a percentage of kills by you in the entire game.
 C = Kills by friends in this place as a percentage of kills by friends in the entire game.
 D = Other kills in this place as a percentage of other kills in the entire game.
 E = Experience gained in this place as a percentage of experience gained in the entire game.
 F = Experience gained in this place divided by the number of levels of this place that you have seen.
                   A       B       C       D       E      F
               +-------+-------+-------+-------+-------+----------------------
         Total | 100.0 | 100.0 |   N/A |   N/A | 100.0 |  89.0
       Dungeon | 100.0 | 100.0 |   N/A |   N/A | 100.0 |  89.0
               +-------+-------+-------+-------+-------+----------------------

Vault maps used:
D:1:      doesnt_arrival_eight_statues
D:2:      first_bread
D:3:      uniq_sigmund
